Map: Coda EC

Players

AgCl - Winner!

  • Race: Protoss Protoss
  • League: Grandmaster

zheng

  • Race: Terran Terran
  • League: Grandmaster

VOD

Have the link to the VOD?

Description

Time

  • Played on: June 15, 2015, 6:54 p.m.
  • Length: 10:36
Show
View Real Time Build Order
Export as new Build Order

AgCl Protoss - Winner!

Build Orders: Oracle Opening, Carrier Rush 

Get SALT Encoding   

  12  0:03  Probe  
  14  0:27  Pylon  
  13  0:30  Assimilator  
  14  0:46  Gateway  
  14  0:47  Probe (Chrono Boost)  
  15  0:57  Probe (Chrono Boost)  
  15  1:04  Probe  
  16  1:16  Probe (Chrono Boost)  
  17  1:27  Probe (Chrono Boost)  
  18  1:33  Zealot (Chrono Boost)  
  18  1:34  Probe (Chrono Boost)  
  21  1:45  Probe  
  22  1:51  Assimilator  
  22  1:52  Pylon  
  22  2:03  Cybernetics Core  
  22  2:10  Probe  
  24  2:26  Nexus  
  23  2:33  Probe  
  24  2:45  Probe  
  25  2:53  Stargate  
  23  3:01  Mothership Core (Chrono Boost)  
  23  3:02  Pylon  
  23  3:04  Warp Gate (Chrono Boost)  
  25  3:15  Probe  
  26  3:27  Probe  
  27  3:36  Oracle (Chrono Boost)  
  30  3:43  Probe (Chrono Boost)  
  30  3:44  Fleet Beacon  
  32  3:53  Probe (Chrono Boost)  
  32  3:55  Probe (Chrono Boost)  
  33  4:01  Probe x2 (Chrono Boost)  
  35  4:12  Probe (Chrono Boost)  
  37  4:17  Probe (Chrono Boost)  
  37  4:19  Carrier (Chrono Boost)  
  37  4:35  Probe x2  
  45  4:40  Assimilator  
  45  4:41  Assimilator  
  45  4:42  Pylon  
  45  4:47  Probe x2  
  49  5:00  Probe (Chrono Boost)  
  49  5:04  Probe (Chrono Boost)  
  46  5:10  Probe (Chrono Boost)  
  48  5:17  Probe (Chrono Boost), Carrier (Chrono Boost)  
  48  5:18  Probe (Chrono Boost), Nexus  
  49  5:22  Pylon  
  49  5:25  Probe (Chrono Boost)  
  49  5:26  Probe (Chrono Boost), Robotics Facility  
  51  5:29  Pylon  
  58  5:49  Pylon  
  57  5:50  Protoss Air Weapons Level 1  
  57  5:51  Probe (Chrono Boost)  
  57  5:52  Probe (Chrono Boost)  
  59  6:02  Probe (Chrono Boost)  
  59  6:03  Probe (Chrono Boost)  
  61  6:10  Probe (Chrono Boost), Gateway  
  62  6:12  Gateway  
  62  6:14  Observer  
  62  6:15  Carrier (Chrono Boost)  
  62  6:17  Graviton Catapult  
  69  6:35  Probe (Chrono Boost)  
  69  6:36  Probe (Chrono Boost)  
  71  6:46  Probe (Chrono Boost)  
  74  6:49  Probe (Chrono Boost)  
  74  6:51  Probe (Chrono Boost)  
  74  6:55  Probe (Chrono Boost)  
  74  7:07  Carrier (Chrono Boost)  
  74  7:09  Assimilator  
  74  7:10  Gateway  
  68  7:18  Probe (Chrono Boost)  
  65  7:24  Observer  
  65  7:26  Adept  
  76  7:30  Probe x2 (Chrono Boost)  
  76  7:33  Adept  
  76  7:34  Adept  
  76  7:36  Probe (Chrono Boost)  
  66  7:40  Probe (Chrono Boost)  
  66  7:41  Probe (Chrono Boost)  
  66  7:47  Probe (Chrono Boost)  
  66  7:50  Probe (Chrono Boost)  
  58  7:51  Adept  
  58  7:56  Probe (Chrono Boost)  
  54  8:08  Probe (Chrono Boost)  
  54  8:10  Probe (Chrono Boost)  
  54  8:11  Probe (Chrono Boost)  
  57  8:16  Probe (Chrono Boost)  
  57  8:18  Probe (Chrono Boost)  
  57  8:19  Probe (Chrono Boost)  
  60  8:20  Carrier (Chrono Boost)  
  60  8:25  Probe (Chrono Boost)  
  60  8:26  Probe x2 (Chrono Boost)  
  63  8:34  Probe  
  63  8:35  Probe  
  63  8:36  Probe  
  70  9:01  Adept  
  70  9:03  Probe  
  71  9:14  Adept x2  
  73  9:17  Adept  
  54  9:45  Gateway x2  
  60  9:46  Pylon  
Show
View Real Time Build Order
Export as new Build Order

zheng Terran 

Build Orders: Command Center First (CC) 

Get SALT Encoding   

  12  0:00  SCV  
  13  0:13  SCV  
  14  0:18  Supply Depot  
  14  0:25  SCV  
  15  0:40  SCV  
  16  0:53  SCV  
  17  1:02  Command Center  
  17  1:06  SCV  
  18  1:17  Barracks  
  18  1:20  SCV  
  19  1:32  SCV  
  20  1:36  Barracks  
  20  1:59  SCV  
  21  2:11  SCV, Refinery  
  21  2:13  Marine  
  22  2:18  Bunker  
  22  2:21  Orbital Command  
  21  2:24  Supply Depot  
  21  2:27  Marine  
  22  2:30  Bunker  
  22  2:42  Orbital Command  
  22  2:53  SCV  
  22  2:57  Marine x2  
  25  3:05  SCV  
  25  3:10  SCV  
  27  3:15  Marine x2  
  27  3:17  SCV  
  30  3:22  SCV  
  30  3:26  Refinery  
  31  3:30  SCV  
  31  3:32  Engineering Bay, Marine  
  31  3:33  Marine  
  34  3:37  SCV  
  35  3:42  SCV  
  35  3:44  Factory  
  36  3:49  SCV  
  36  3:53  Supply Depot  
  36  3:54  SCV  
  38  4:01  SCV  
  39  4:06  SCV  
  39  4:07  Missile Turret  
  40  4:11  Missile Turret  
  40  4:13  SCV  
  40  4:16  Supply Depot  
  41  4:18  SCV  
  42  4:26  SCV  
  42  4:28  Barracks Reactor x2  
  42  4:29  Supply Depot  
  43  4:31  Widow Mine  
  43  4:32  Factory  
  43  4:33  SCV  
  43  4:36  Refinery  
  46  4:38  SCV  
  46  4:40  Supply Depot  
  46  4:41  Refinery  
  46  4:45  SCV  
  47  4:53  SCV  
  47  4:57  Command Center, SCV  
  48  5:16  SCV x2  
  48  5:21  Supply Depot  
  50  5:28  SCV x2  
  52  5:31  Armory  
  52  5:33  Hellion x2  
  56  5:40  SCV  
  56  5:42  Supply Depot, Barracks Tech Lab x2  
  57  5:43  SCV  
  57  5:45  Supply Depot  
  57  5:48  Hellion x2  
  62  5:52  SCV  
  62  5:55  SCV  
  64  5:59  Hellion x2  
  68  6:04  SCV  
  68  6:07  SCV  
  70  6:11  Orbital Command  
  70  6:23  Hellion  
  70  6:24  Hellion x3  
  78  6:26  Terran Vehicle Weapons Level 1  
  78  6:30  Command Center, Supply Depot x2  
  78  6:31  SCV  
  79  6:45  Hellion  
  81  6:52  SCV x2  
  81  6:54  SCV, Hellion x3  
  90  7:04  SCV  
  90  7:05  Starport x2  
  90  7:06  Starport  
  91  7:09  Missile Turret  
  84  7:24  SCV x2, Hellbat x2  
  86  7:37  Hellbat x2  
  90  7:50  Viking  
  90  7:51  Viking x2  
  88  8:05  SCV, Hellbat x4  
  88  8:06  SCV  
  88  8:10  Planetary Fortress  
  88  8:16  Missile Turret  
  88  8:21  Viking x2  
  88  8:23  Terran Ship Weapons Level 1  
  88  8:25  Starport Reactor  
  88  8:26  Hellbat x2  
  88  8:27  SCV, Hellbat x2  
  98  8:36  Refinery, Missile Turret  
  87  8:49  SCV  
  87  8:51  Viking x2  
Tags
 
Add a new tag
Caveats
  • Supply blocks, unpowered buildings, or Contaminate may cause inaccurate times.
  • Supply counts are checked every 10 seconds.